AoeStats
← Pepim14

African Clearing

506517454Analyzed
4v4 RM · 17d ago on Sep 13, 2026· 40m 19s· 8 players
Game mode
Random Map
Map size
Large (8 player)
Population
200
Speed
Normal
Resources
Standard
Victory
Conquest
Starting age
Dark Age
Ending age
Imperial Age
RankedLock teamsTeams togetherTeam positionsShared explorationLock speedFull tech treeHidden civsTurbo modeCheats
Victory
Defeat
🇫🇷 Persians · France
1129
+13
🇦🇷 Japanese · Argentina
1087
+14
🇦🇷 Bohemians · Argentina
1042
+16
🇦🇷 Saracens · Argentina
956
+20
🇩🇪 Bohemians · Germany
1053
-16
🇨🇾 Teutons · Cyprus
1049
-16
🇺🇸 Vietnamese · United States
1046
-16
🇺🇸 Bulgarians · United States
1037
-15
DerkerTheBerserker
6:16 Loom
13:21 Feudal Age
17:39 Double-Bit Axe
18:13 Town Watch
23:25 Castle Age
21:42 Horse Collar
22:20 Gold Mining
25:50 Bow Saw
28:19 Wheelbarrow
28:05 Crossbowman
30:46 Hand Cart
34:00 Squires
34:17 Heavy Plow
35:52 Pikeman
Lil Bullz
13:55 Feudal Age
16:22 Horse Collar
17:40 Arson
18:54 Double-Bit Axe
20:04 Loom
21:28 Scale Mail Armor
22:04 Town Watch
26:57 Castle Age
28:19 Bloodlines
30:59 Scale Barding Armor
JonnyD
6:45 Loom
13:26 Feudal Age
15:29 Scale Barding Armor
17:36 Forging
21:15 Castle Age
20:42 Double-Bit Axe
Steffler
7:31 Loom
15:47 Feudal Age
16:51 Double-Bit Axe
19:27 Castle Age
17:42 Double-Bit Axe
20:45 Bow Saw
26:10 Wheelbarrow
30:01 Imperial Age
28:06 Elite Skirmisher
30:27 Chemistry
29:49 Ballistics
29:20 Fletching
29:31 Padded Archer Armor
30:34 Imperial Skirmisher
34:06 Horse Collar
35:21 Pikeman
36:02 Squires
36:19 Leather Archer Armor
39:19 Ring Archer Armor
Camalote
13:40 Feudal Age
18:03 Castle Age
17:36 Double-Bit Axe
18:30 Crossbowman
19:10 Loom
21:18 Fletching
24:20 Bodkin Arrow
30:16 Padded Archer Armor
32:39 Wheelbarrow
38:14 Thumb Ring
41:23 Imperial Age
41:14 Leather Archer Armor
olDirty
6:37 Loom
12:56 Feudal Age
13:44 Double-Bit Axe
17:10 Scale Barding Armor
18:53 Forging
19:20 Horse Collar
21:01 Bloodlines
26:51 Castle Age
25:25 Gold Mining
27:41 Wheelbarrow
27:30 Husbandry
27:55 Chain Barding Armor
27:51 Heavy Plow
28:08 Bow Saw
29:53 Iron Casting
30:32 Hand Cart
32:17 Light Cavalry
41:44 Imperial Age
39:28 Town Watch
Pepim14
4:58 Loom
14:08 Feudal Age
14:51 Double-Bit Axe
19:46 Castle Age
18:29 Stone Mining
20:59 Town Watch
21:50 Wheelbarrow
24:02 Bow Saw
25:32 Hand Cart
27:35 Scale Mail Armor
27:45 Forging
31:38 Horse Collar
35:15 Heavy Plow
36:20 Elite Skirmisher
36:53 Fletching
37:04 Padded Archer Armor
37:12 Town Patrol
39:44 Imperial Age
38:34 Leather Archer Armor
38:15 Bodkin Arrow
guilleaacevedo
4:29 Loom
15:01 Feudal Age
16:17 Wheelbarrow
15:29 Double-Bit Axe
15:26 Horse Collar
22:50 Castle Age
23:42 Forging
23:33 Scale Mail Armor
23:58 Hand Cart
23:55 Bow Saw
25:29 Town Watch
26:20 Squires
25:41 Pikeman
26:13 Fletching
30:00 Pikeman
34:33 Husbandry
34:50 Bodkin Arrow
34:56 Padded Archer Armor
36:32 Light Cavalry
Connection lost

Rejoining the realm…

Still unreachable

The connection could not be restored.

Session expired

The server has moved on; the page needs a fresh start.